 Dungeon Crawl Stone Soup version 0.31.0-9-g3a7656b989 (webtiles) character file.

Game seed: 6145390561064298842

62 qw the Shooter (level 3, -2/18 HPs)
             Began as a Spriggan Hunter on Feb 2, 2024.
             Slain by an adder (3 damage)
             ... on level 2 of the Dungeon.
             The game lasted 00:00:04 (992 turns).

qw the Shooter (Spriggan Hunter)                     Turns: 992, Time: 00:00:04

Health: -2/18      AC:  2    Str:  7    XL:     3   Next: 85%
Magic:  4/4        EV: 19    Int: 10    God:
Gold:   33         SH:  0    Dex: 20    Spells: 2/2 levels left

rFire   . . .        a - +0 shortbow
rCold   . . .        (shield currently unavailable)
rNeg    . . .        c - +0 robe
rPois   .            (helmet restricted)
rElec   .            (no cloak)
rCorr   .            (gloves unavailable)
SInv    +            (boots unavailable)
Will    .....        (no amulet)
Stlth   ++           (no ring)
HPRegen 0.23/turn    (no ring)
MPRegen 0.09/turn

%: no passive effects
@: lethally poisoned (-2 -> -5), very quick
A: very small, no large weapons, unfitting armour, see invisible, speed 3
a: no special abilities


You were on level 2 of the Dungeon.
You visited 1 branch of the dungeon, and saw 2 of its levels.

You collected 33 gold pieces.


Innate Abilities, Weirdness & Mutations

You are very small and have problems with some larger weapons.
You are too small for most types of armour.
You have supernaturally acute eyesight. (SInv)
You cover ground extremely quickly. (Speed+++)


   Skills:
 - Level 1.5 Fighting
 - Level 5.0 Ranged Weapons
 + Level 4.1 Dodging
 - Level 1.5 Stealth


You had 2 spell levels left.
You didn't know any spells.
Your spell library was empty.

Inventory:

Hand Weapons
 a - a +0 shortbow (weapon)
Armour
 c - a +0 robe (worn)
Jewellery
 f - a ring of ice
 h - the amulet of Vaonlet {RegenMP Dex+3}
   (You took it off a goblin on level 2 of the Dungeon)

   [amulet of magic regeneration]

   RegenMP:   It increases your rate of magic regeneration.
   Dex+3:     It affects your dexterity (+3).
Scrolls
 g - a scroll of fear {unknown}
Potions
 b - a potion of might {unknown}
 d - a potion of haste {unknown}
 e - a potion of degeneration {unknown}

Dungeon Overview and Level Annotations

Branches:
Dungeon (2/15)

Altars:


Message History

You shoot an arrow.
The arrow barely misses the ball python.
The ball python hisses angrily.
You shoot an arrow. The arrow hits the ball python.
You kill the ball python!
You open the door.
An adder comes into view.
You shoot an arrow. The arrow hits the adder!
The adder hisses angrily.
The adder is severely wounded.
An adder and an endoplasm come into view.
There is an open door here.
You shoot an arrow. The arrow closely misses the adder.
The endoplasm quivers.
You shoot an arrow. The arrow misses the adder.
The adder completely misses you. x2
You shoot an arrow. The arrow closely misses the adder.
The adder bites you.
You shoot an arrow. The arrow closely misses the adder.
The adder misses you. x2
You shoot an arrow. The arrow closely misses the adder.
The adder barely misses you. The endoplasm hits you.
You shoot an arrow.
The arrow hits the adder but does no damage.
The adder is heavily wounded.
The adder barely misses you. The endoplasm freezes you.
You are frozen.
The adder misses you.
You shoot an arrow. The arrow closely misses the adder.
The endoplasm freezes you.
You are frozen.
The adder bites you.
You are lethally poisoned!
The adder poisons you!
You shoot an arrow. The arrow closely misses the adder.
You feel sick. The adder misses you. The endoplasm freezes you.
You are frozen.
The adder barely misses you.
You shoot an arrow. The arrow misses the adder.
You feel sick. The endoplasm hits you. The adder bites you.
You die...

...#..##..#......#
##....#
..##..#..#######.#
#....## .###....##
#.# #.####
.###...## #.####.#
.####### #......#
### #......#
#......# #......#
#@####.#
#.....J.S..#.#
#..........#.#
#..........#..
#..........#
#..........#
############


You could see an adder and an endoplasm.

Vanquished Creatures
  An adder (D:2)
  2 ribbon worms (D:2)
  3 endoplasms
  3 giant cockroaches (D:1)
  5 goblins
  6 hobgoblins
  3 jackals (D:1)
  7 ball pythons
  3 bats
  5 kobolds
  5 rats
43 creatures vanquished.

Notes
Turn   | Place    | Note
-------+----------+-------------------------------------------
     0 | D:1      | qw the Spriggan Hunter began the quest for the Orb.
     0 | D:1      | Reached XP level 1. HP: 10/10 MP: 2/2
     0 | D:1      | 0 ||| qw: Version: 0.3-a-155-g5e7d8dd
     0 | D:1      | 0 ||| qw: Game counter: 1290
     0 | D:1      | 0 ||| qw: Melee chars always use a shield: true
     0 | D:1      | 0 ||| qw: God list: Okawaru
     0 | D:1      | 0 ||| qw: Allow faded altars: false
     0 | D:1      | 0 ||| qw: Do Orc after clearing Dungeon:15 true
     0 | D:1      | 0 ||| qw: Do second Lair branch before Depths: true
     0 | D:1      | 0 ||| qw: Lair rune preference: random
     0 | D:1      | 0 ||| qw: Goals: Normal
     0 | D:1      | 0 ||| PLANNING D:1-11
    27 | D:1      | Reached skill level 3 in Dodging
    52 | D:1      | Reached XP level 2. HP: 14/14 MP: 3/3
   275 | D:1      | Reached XP level 3. HP: 18/18 MP: 4/4
   452 | D:1      | 452 ||| DROPPING scroll of butterflies.
   841 | D:2      | Reached skill level 5 in Ranged Weapons
   920 | D:2      | Identified the amulet of Vaonlet {RegenMP Dex+3}
   931 | D:2      | 931 ||| FLEEEEING.
   991 | D:2      | HP: 4/18 [frozen (1)]
   992 | D:2      | HP: 1/18 [endoplasm (1)]
   992 | D:2      | Slain by an adder

Levels and vault maps discovered:
D:1:      amcnicky_arrival_choice, layout_rooms
D:2:      layout_basic, dk_vineyard_2, nrook_campfire, hangedman_glass_teeth

Skill      XL: |  1  2  3 |
---------------+----------+-----
Dodging        | 3 4 |  4.1
Ranged Weapons | 5 |  5.0
Fighting       | |  1.5
Stealth        | |  1.5

Action                     || total
---------------------------++-------
   Fire: Shortbow          ||   136
 Armour: Robe              ||    21
  Dodge: Dodged            ||    41

Table legend:
 A = Non-vault XP
 B = Vault XP
 C = Vault XP percentage of total XP
 D = Non-vault monster count
 E = Vault monster count
 F = Vault count percentage of total count
                 A         B        C        D         E       F
            +---------+---------+-------+---------+---------+-------
      Total |      89 |       0 |   0.0 |      43 |       0 |   0.0
            +---------+---------+-------+---------+---------+-------
        D:1 |      49 |       0 |   0.0 |      29 |       0 |   0.0
        D:2 |      40 |       0 |   0.0 |      14 |       0 |   0.0
            +---------+---------+-------+---------+---------+-------
